 Dungeon Crawl Stone Soup version 0.28-a0-1087-gf3fc490d9d (webtiles) character file.

Game seed: 12913745864393108908

492 ytrimaz the Insei (level 7, -8/45 HPs)
             Began as an Octopode Transmuter on Dec 10, 2021.
             Mangled by a gnoll (12 damage)
             ... on level 4 of the Dungeon.
             The game lasted 00:03:15 (3842 turns).

ytrimaz the Insei (Octopode Transmuter)             Turns: 3842, Time: 00:03:15

Health: -8/45      AC:  2    Str: 10    XL:     7   Next: 14%
Magic:  12/12      EV: 19    Int: 17    God:
Gold:   70         SH:  0    Dex: 17    Spells: 7/13 levels left

rFire   + . .      SeeInvis .     - Unarmed
rCold   + . .      Faith    .   (shield currently unavailable)
rNeg    . . .      Spirit   .   (helmet currently unavailable)
rPois   x          Reflect  .   b - amulet of magic regeneration
rElec   +          Harm     .   c - ring "Xozaimoy" {rElec rF+ rC+}
rCorr   .          Rampage  .   (no ring)
Will    .....                   (no ring)
Stlth   ++........              (no ring)
HPRegen 0.15/turn               (no ring)
MPRegen 0.53/turn               (no ring)
                                (no ring)
                                (no ring)

@: spider-form (expiring)
A: venomous fangs, almost no armour, (amphibious), 8 rings, tiny, (camouflage
1), (gelatinous body 1), (nimble swimmer 1), (tentacles)
a: End Transformation


You were on level 4 of the Dungeon.
You were a venomous arachnid creature.
You visited 1 branch of the dungeon, and saw 4 of its levels.

You collected 70 gold pieces.

Inventory:

Jewellery
 b - an amulet of magic regeneration (around neck)
 c - the ring "Xozaimoy" (left front leg) {rElec rF+ rC+}
   (You acquired it on level 2 of the Dungeon)

   [ring of protection from fire]

   rF:        It protects you from fire.
   rC:        It protects you from cold.
   rElec:     It insulates you from electricity.
Potions
 a - 2 potions of flight
 e - a potion of might {unknown}
 f - a potion of attraction {unknown}
 g - a potion of resistance {unknown}


   Skills:
 * Level 2.7 Fighting
 - Level 2.0 Dodging
 + Level 5.1 Unarmed Combat
 * Level 3.5 Spellcasting
 * Level 4.0 Transmutations
 * Level 1.7 Poison Magic


You had 7 spell levels left.
You knew the following spells:

 Your Spells              Type           Power      Damage    Failure   Level
a - Beastly Appendage     Tmut           32%        N/A       11%         1
b - Wereblood             Tmut           16%        N/A       14%         2
c - Spider Form           Tmut/Pois      12%        N/A       34%         3

Your spell library contained the following spells:

 Spells                   Type           Power      Damage    Failure   Level
 Ice Form                 Ice/Tmut       9%         N/A       77%         4


Dungeon Overview and Level Annotations

Branches:
Dungeon (4/15)
 Temple: D:4-7

Altars:
Uskayaw


Innate Abilities, Weirdness & Mutations

You are a venomous arachnid creature.
You have poisonous fangs.
You are tiny and dextrous.
Your spellcasting is less reliable in this form.
Your armour is entirely melded.
You are incapable of wielding weapons or throwing items.
You cannot wear most types of armour.
((You are amphibious.))
You can wear up to eight rings at the same time.
((Your skin changes colour to match your surroundings (Stealth+).))
((Your rubbery body absorbs attacks. (AC +1, EV +1)))
((You are camouflaged near water. (Stealth+)))
((You have tentacles for arms and can constrict up to eight enemies at once.))


Message History

You turn into a venomous arachnid creature.
The gnoll shouts!
The gnoll shaman barely misses you.
There are monsters nearby!
Unknown command.
You hit the gnoll shaman but do no damage.
The gnoll shaman is poisoned.
The gnoll shaman closely misses you.
An adder skeleton comes into view.
You hit the gnoll shaman.
The gnoll shaman looks as sick as possible!
The gnoll shaman is moderately wounded.
The gnoll shaman barely misses you.
You hit the gnoll shaman but do no damage.
The gnoll shaman looks as sick as possible!
The gnoll shaman is moderately wounded.
The gnoll shaman completely misses you.
You hit the gnoll shaman.
The gnoll shaman looks as sick as possible!
The gnoll shaman is heavily wounded.
The gnoll shaman hits you with a +0 club.
You bite the gnoll shaman!
You kill the gnoll shaman!
You hit the gnoll but do no damage.
The gnoll is poisoned.
The gnoll completely misses you.
You bite the gnoll!
The gnoll looks as sick as possible!
The gnoll is heavily wounded.
Your transformation is almost over.
The gnoll hits you with a +0 whip!
You hit the gnoll.
You kill the gnoll!
You hit the gnoll.
The gnoll is poisoned.
The gnoll is moderately wounded.
The gnoll hits you from afar with a +1 vorpal halberd!
* * * LOW HITPOINT WARNING * * *
x2 The gnoll misses you.
You are too injured to fight recklessly!
You hit the gnoll.
The gnoll is heavily wounded.
The gnoll hits you from afar with a +1 vorpal halberd!
You die...

##..#####...........
....# #...g......#
#...######...##...##
##...#........# ..####
###...........###....#..
..#....#.......#........
......##.......g.#
...............#g#
..##..<........#s#
..##...........#.#
..##..........##.#
..)..............#
..........#####..#
.........## ...#
#########.. .... ..#
..... ..


You could see 2 gnolls.

Vanquished Creatures
  Sigmund (D:3)
  An ogre (D:4)
  A scorpion (D:4)
  A howler monkey (D:3)
  A gnoll shaman (D:4)
  A gnoll (D:4)
  5 adders (D:2)
  2 worms
  2 dart slugs (D:1)
  5 bats
  9 endoplasms
  4 giant cockroaches
  6 goblins
  6 hobgoblins
  2 jackals (D:1)
  9 kobolds
  2 quokkas
  6 ball pythons
  3 frilled lizards
  6 rats
73 creatures vanquished.

Notes
Turn   | Place    | Note
-------+----------+-------------------------------------------
     0 | D:1      | ytrimaz the Octopode Transmuter began the quest for the
                  | Orb.
     0 | D:1      | Reached XP level 1. HP: 13/13 MP: 3/3
   229 | D:1      | Found a faded altar of an unknown god.
   430 | D:1      | Reached XP level 2. HP: 18/18 MP: 5/5
   948 | D:1      | Reached XP level 3. HP: 10/23 MP: 6/6
   951 | D:1      | Learned a level 2 spell: Wereblood
   955 | D:1      | Learned a level 3 spell: Spider Form
  1911 | D:2      | Reached XP level 4. HP: 25/28 MP: 7/7
  2510 | D:2      | Identified a scroll of acquirement
  2510 | D:2      | Acquired the ring "Xozaimoy" {rElec rF+ rC+}
  2776 | D:3      | Noticed Sigmund
  2788 | D:3      | Killed Sigmund
  2789 | D:3      | Reached skill level 4 in Unarmed Combat
  2789 | D:3      | Reached XP level 5. HP: 34/34 MP: 7/9
  2789 | D:3      | Reached XP level 6. HP: 39/39 MP: 7/10
  3249 | D:3      | Found a hide-covered altar of Uskayaw.
  3661 | D:4      | Reached skill level 1 in Poison Magic
  3824 | D:4      | Reached skill level 5 in Unarmed Combat
  3824 | D:4      | Reached XP level 7. HP: 36/45 MP: 12/12
  3842 | D:4      | Mangled by a gnoll

Illustrated notes

Levels and vault maps discovered:
D:1:      dpeg_arrival_ternary, layout_loops_ring,
          hellmonk_ecumenical_altar_slurped_away
D:2:      layout_rooms, minmay_misc_feat_alley
D:3:      layout_basic, mainiacjoe_overflow_six_doors_small, nrook_uturn,
          st_stairs_10, uniq_sigmund
D:4:      cheibrodos_old_hovel, layout_cave_pools, serial_shops,
          nicolae_shop_temple_entry_statues_fountains,
          nicolae_shop_advertising_works [nicolae_subvault_shop_adworks], shop,
          gup_sewer_entry_bowl, kennysheep_generic_room_9

Skill      XL: |  1  2  3  4  5  6 |
---------------+-------------------+-----
Fighting       | 2 |  2.7
Unarmed Combat | 4 5 |  5.1
Spellcasting   | 3 |  3.5
Transmutations | 3 4 |  4.0
Poison Magic   | 1 |  1.7
Dodging        | |  2.0

Action                   |  1- 3 |  4- 6 |  7- 9 || total
-------------------------+-------+-------+-------++-------
Melee: Unarmed           |    86 |    92 |    10 ||   188
       Tentacles         |    16 |    12 |       ||    28
       Constrict         |    19 |    20 |       ||    39
       Kick              |     7 |     6 |       ||    13
       Punch             |     2 |       |       ||     2
 Cast: Beastly Appendage |     6 |     3 |       ||     9
       Wereblood         |     2 |     2 |       ||     4
       Spider Form       |     2 |     3 |     1 ||     6
  Use: Scroll            |     3 |     4 |       ||     7
 Stab: Sleeping          |     4 |     5 |       ||     9
Armor: Skin              |     8 |     4 |       ||    12
Dodge: Dodged            |    37 |    66 |     7 ||   110

Table legend: (Time is in decaauts)
 A = Elapsed time spent in this place.
 B = Non-inter-level travel time spent in this place.
 C = Inter-level travel time spent in this place.
 D = Time resting spent in this place.
 E = Time spent auto-exploring this place.
 F = Levels seen in this place.
 G = Mean time per level.
                   A        B        C        D        E       F      G
               +--------+--------+--------+--------+--------+-----+--------+
         Total |   3826 |   3763 |     63 |      0 |   3236 |   4 |  956.5 |
       Dungeon |   3826 |   3763 |     63 |      0 |   3236 |   4 |  956.5 |
               +--------+--------+--------+--------+--------+-----+--------+

Top non-repeatable levels by time:
     D:1: 1695 daAuts
     D:2: 1059 daAuts
     D:3: 884 daAuts
     D:4: 188 daAuts
